 Dungeon Crawl Stone Soup version 0.31-a0-1549-g5ff9445e89 (webtiles) character file.

Game seed: 16277739388999049977

25 pokeman the Magician (level 2, -2/16 HPs)
             Began as a Deep Elf Hedge Wizard on Jan 2, 2024.
             Slain by a cerulean imp
             ... wielding a +1 spear
             ... summoned by Natasha
              (6 damage)
             ... on level 2 of the Dungeon.
             The game lasted 00:02:20 (979 turns).

pokeman the Magician (Deep Elf Hedge Wizard)         Turns: 979, Time: 00:02:20

Health: -2/16      AC:  2    Str:  7    XL:     2   Next: 86%
Magic:  10/10      EV: 12    Int: 18    God:
Gold:   66         SH:  0    Dex: 14    Spells: 10/11 levels left

rFire   . . .        h - +0 spear (freeze)
rCold   . . .        (no shield)
rNeg    . . .        b - +0 robe
rPois   .            c - +0 hat
rElec   .            (no cloak)
rCorr   +            (no gloves)
SInv    .            (no boots)
Will    .....        (no amulet)
Stlth   ++           l - ring of resist corrosion
HPRegen 0.22/turn    (no ring)
MPRegen 0.12/turn

%: no passive effects
@: slowed, very slow
A: no striking features
a: no special abilities


You were on level 2 of the Dungeon.
You visited 1 branch of the dungeon, and saw 2 of its levels.

You collected 66 gold pieces.

Inventory:

Hand Weapons
 f - a +1 vampiric dagger
 h - a +0 spear of freezing (weapon)
Armour
 b - a +0 robe (worn)
 c - a +0 hat (worn)
Jewellery
 l - a ring of resist corrosion (left hand)
Scrolls
 a - a scroll of identify {unknown}
 e - 2 scrolls of fog {unknown}
 g - 2 scrolls of amnesia {unknown}
 k - a scroll of enchant weapon {unknown}
 m - a scroll of torment {unknown}
 o - a scroll of immolation {unknown}
Potions
 d - a potion of magic
 i - 2 potions of attraction {unknown}
 j - a potion of curing {unknown}
 n - a potion of enlightenment {unknown}


   Skills:
 + Level 0.6 Fighting
 + Level 0.6 Armour
 - Level 2.4 Dodging
 - Level 2.4 Stealth
 * Level 5.0 Spellcasting
 + Level 1.7 Conjurations
 - Level 1.1 Summonings
 - Level 1.1 Translocations


You had 10 spell levels left.
You knew the following spells:

 Your Spells              Type           Power      Damage    Failure   Level
a - Magic Dart            Conj           40%        1d5       7%          1

Your spell library contained the following spells:

 Spells                   Type           Power      Damage    Failure   Level
 Sting                    Conj/Alch      28%        1d4       10%         1
 Slow                     Hex            16%        N/A       13%         1
 Blink                    Tloc           16%        N/A       13%         2
 Call Imp                 Summ           16%        N/A       13%         2
 Lesser Beckoning         Tloc           16%        N/A       13%         2
 Cigotuvi's Dreadful Rot  Necr/Alch/Air  8%         N/A       21%         2
 Gell's Gravitas          Tloc           8%         N/A       26%         3
 Teleport Other           Tloc           8%         N/A       26%         3
 Hailstorm                Conj/Ice       7%         3d5       28%         3
 Mephitic Cloud           Conj/Alch/Air  6%         N/A       32%         3
 Sculpt Simulacrum        Ice/Alch       2%         N/A       100%        6


Dungeon Overview and Level Annotations

Branches:
Dungeon (2/15)

Altars:

Annotations:
D:2 Natasha


Message History

n - a grey potion
o - a scroll labelled CEZXOI JAMPUA You see here a +0 barding.
Done exploring.
Done exploring.
Casting: Magic Dart (safe; 7% risk of failure)
Confirm with . or Enter, or press ? or * to list all spells.
You can't see any susceptible monsters within range! (Use Z to cast anyway.) Unknown command.
There is a stone staircase leading down here.
You climb downwards.
Found a book of Displacement.
There is a stone staircase leading up here.
You pick up a book of Displacement and begin reading...
You add the spells Lesser Beckoning, Gell's Gravitas and Teleport Other to your library.
You open the door.
There is an open door here.
As you open the door, it creaks loudly!
Natasha, Servant of Life and Death comes into view.
Natasha hisses angrily.
Natasha stares at you and mumbles some strange words.
The magic dart hits you!
Ouch! That really hurt!
Which direction?
As you close the door, it creaks loudly!
You open the door. Natasha barely misses you. Natasha casts a spell at you.
You feel yourself slow down.
There is an open door here.
Natasha mumbles some strange words.
There is a stone staircase leading up here.
You barely miss Natasha.
Natasha casts a spell.
The cerulean imp closely misses you. Natasha closely misses you.
The cerulean imp barely misses you. Natasha closely misses you.
The cerulean imp hits you from afar with a +1 spear.
* * * LOW HITPOINT WARNING * * *
The cerulean imp hits you with a +1 spear.
You die...

.# ..# ...#
######### ....#
#.......###.....#
+.......'.'.....+
#.....5.###.....#
........h######+##
..#######@5.....#
#########


You could see Natasha and 2 cerulean imps.

Vanquished Creatures
  3 bats (D:1)
  An endoplasm (D:1)
  2 giant cockroaches (D:1)
  3 goblins (D:1)
  2 hobgoblins (D:1)
  3 quokkas (D:1)
  2 ball pythons (D:1)
  A frilled lizard (D:1)
  2 kobolds (D:1)
  2 rats (D:1)
21 creatures vanquished.

Notes
Turn   | Place    | Note
-------+----------+-------------------------------------------
     0 | D:1      | pokeman the Deep Elf Hedge Wizard began the quest for the
                  | Orb.
     0 | D:1      | Reached XP level 1. HP: 10/10 MP: 7/7
    57 | D:1      | Got the Codex of Frozen Venom
   225 | D:1      | Reached XP level 2. HP: 16/16 MP: 6/9
   746 | D:1      | Reached skill level 5 in Spellcasting
   971 | D:2      | Noticed Natasha
   979 | D:2      | Slain by a cerulean imp

Illustrated notes

Levels and vault maps discovered:
D:1:      lightli_arrival_statue_moat, layout_rooms, corner_web_ring,
          minmay_hexomino_f4
D:2:      layout_basic, serial_corexii_hall, chequers_hall_statues_wall_a,
          chequers_hall_statues_corner_a, minmay_misc_feat_square,
          minmay_pentomino_pile, uniq_robin, uniq_natasha

Skill      XL: |  1  2 |
---------------+-------+-----
Spellcasting   | 5 |  5.0
Fighting       | |  0.6
Armour         | |  0.6
Dodging        | |  2.4
Stealth        | |  2.4
Conjurations   | |  1.7
Summonings     | |  1.1
Translocations | |  1.1

Action                     || total
---------------------------++-------
  Melee: Dagger            ||    11
         Spear             ||     1
   Cast: Magic Dart        ||    49
 Armour: Robe              ||     9
  Dodge: Dodged            ||    16

Table legend: (Time is in decaauts)
 A = Elapsed time spent in this place.
 B = Non-inter-level travel time spent in this place.
 C = Inter-level travel time spent in this place.
 D = Time resting spent in this place.
 E = Time spent auto-exploring this place.
 F = Levels seen in this place.
 G = Mean time per level.
                   A        B        C        D        E       F      G
               +--------+--------+--------+--------+--------+-----+--------+
         Total |    979 |    968 |     11 |      0 |    834 |   2 |  489.5 |
       Dungeon |    979 |    968 |     11 |      0 |    834 |   2 |  489.5 |
               +--------+--------+--------+--------+--------+-----+--------+

Top non-repeatable levels by time:
     D:1: 961 daAuts
     D:2: 17 daAuts
